 Dungeon Crawl Stone Soup version 0.32-a0-132-g2d33c3cfaf (webtiles) character file.

Game seed: 13945683729834267613

623 jasper the Skirmisher (level 6, -5/36 HPs)
             Began as a Deep Elf Hexslinger on Feb 9, 2024.
             Was a Believer of Ru.
             Slain by a gnoll
             ... wielding a +0 flail
             ... led by a gnoll bouda
              (7 damage)
             ... on level 5 of the Dungeon.
             The game lasted 00:08:31 (3848 turns).

jasper the Skirmisher (Deep Elf Hexslinger)         Turns: 3848, Time: 00:08:31

Health: -5/36      AC:  3    Str:  5    XL:     6   Next: 22%
Magic:  8/10       EV: 13    Int: 20    God:    Ru [**....]
Gold:   152        SH:  0    Dex: 17    Spells: 2/8 levels left

rFire   . . .        a - +1 sling
rCold   . . .        (no shield)
rNeg    . . .        c - +0 robe
rPois   .            b - +0 helmet
rElec   .            (no cloak)
rCorr   .            (no gloves)
SInv    .            (no boots)
Will    .....        (no amulet)
Stlth   ++           (no ring)
HPRegen 0.26/turn    (no ring)
MPRegen 0.12/turn

%: no passive effects
@: no status effects
A: inexperienced 1, no forms
a: Renounce Religion


You were on level 5 of the Dungeon.
You worshipped Ru.
Ru was pleased with you.
You visited 1 branch of the dungeon, and saw 5 of its levels.

You collected 152 gold pieces.

Inventory:

Hand Weapons
 a - a +1 sling (weapon)
Armour
 b - a +0 helmet (worn)
 c - a +0 robe (worn)
Scrolls
 d - 4 scrolls of teleportation
 f - a scroll of poison
 g - a scroll of immolation
 l - a scroll of fog {unknown}
 m - a scroll of noise {unknown}
Potions
 h - a potion of might
 i - 2 potions of ambrosia {unknown}
 j - 6 potions of brilliance {unknown}
 k - a potion of haste {unknown}


   Skills:
 + Level 2.7 Fighting
 * Level 8.6 Ranged Weapons
 - Level 2.4 Dodging
 - Level 1.5 Spellcasting
 + Level 5.8 Hexes
 - Level 1.1 Fire Magic


You had 2 spell levels left.
You knew the following spells:

 Your Spells              Type           Power      Damage    Failure   Level
a - Sigil of Binding      Hex            25%        N/A       4%          3
b - Inner Flame           Hex/Fire       15%        N/A       12%         3

Your spell library contained the following spells:

 Spells                   Type           Power      Damage    Failure   Level
 Jinxbite                 Hex            50%        N/A       2%          2
 Mercury Vapours          Alch/Air       2%         N/A       26%         2
 Cause Fear               Hex            12%        N/A       14%         4
 Mephitic Cloud           Conj/Alch/Air  1%         N/A       45%         3
 Dimensional Bullseye     Hex/Tloc       6%         N/A       45%         4
 Freezing Cloud           Conj/Ice/Air   0%         6-21      99%         5


Dungeon Overview and Level Annotations

Branches:
Dungeon (5/15)
 Temple: D:4-7

Altars:
Ashenzari
Fedhas
Gozag
Ru

Annotations:
D:3 1 runed translucent door, Pokonic1's ghost, amateur OnBe


Innate Abilities, Weirdness & Mutations

You are somewhat inexperienced. (-1 XL)
You cannot voluntarily change form.


Message History

Press: ? - help, Q - select action, (/) - cycle Shift-Dir - straight line, f/p - gnoll bouda
Aim: a gnoll bouda, wielding a +0 whip and wearing a +0 robe (severely wounded, 68% to hit)
You shoot a sling bullet.
The sling bullet closely misses the gnoll bouda.
The sling bullet hits the gnoll.
The gnoll is moderately wounded.
The gnoll bouda hits you with a +0 whip!
You focus your inner power and illuminate the gnoll bouda in retribution!
You take 6 damage, and have 25/36 hp.
Fire: a) +1 sling
Press: ? - help, Q - select action, (/) - cycle Shift-Dir - straight line, f/p - gnoll bouda
Aim: a gnoll bouda, wielding a +0 whip and wearing a +0 robe (severely wounded, softly glowing, 84% to hit)
You shoot a sling bullet. The sling bullet hits the gnoll bouda!
You kill the gnoll bouda!
The gnoll hits you with a +0 flail!
You take 12 damage, and have 13/36 hp.
MASSIVE DAMAGE!!
Okay, then.
You aren't carrying any items that you can evoke.
Okay, then.
Fire: a) +1 sling
Press: ? - help, Q - select action, (/) - cycle Shift-Dir - straight line, f - gnoll
Aim: a gnoll, wielding a +0 flail (moderately wounded, covering ground quickly, 68% to hit)
You shoot a sling bullet. The sling bullet hits the gnoll.
The gnoll is heavily wounded.
Fire: a) +1 sling
Press: ? - help, Q - select action, (/) - cycle Shift-Dir - straight line, f/p - gnoll
Aim: a gnoll, wielding a +0 flail (heavily wounded, covering ground quickly, 68% to hit)
You shoot a sling bullet.
The sling bullet completely misses the gnoll.
The gnoll hits you with a +0 flail!
* * * LOW HITPOINT WARNING * * *
You take 12 damage, and have 1/36 hp.
MASSIVE DAMAGE!!
Fire: a) +1 sling
Press: ? - help, Q - select action, (/) - cycle Shift-Dir - straight line, f/p - gnoll
Aim: a gnoll, wielding a +0 flail (heavily wounded, covering ground quickly, 68% to hit)
You shoot a sling bullet.
The sling bullet barely misses the gnoll.
The gnoll hits you with a +0 flail!
You die...
Ru respects your ultimate sacrifice.

##.###........#.#....#
#......)....#.#....<##
##.......##.#.###.####
#.#####....#.###.# #
#.# #.#........####
#.# #........#..h..
#.# ###......#+####
#.##########.......
#...@g...>.'.......
############.......
........ ......$..
....... ......g
..g..g. ..$.g..


You could see a gnoll (swift).

Vanquished Creatures
  A water moccasin (D:5)
  An ice beast (D:5)
  A bombardier beetle (D:3)
  An orc priest (D:4)
  A jelly (D:5)
  A gnoll bouda (D:5)
  2 hounds (D:5)
  An iguana (D:5)
  Robin (D:2)
  4 gnolls
  2 adders (D:2)
  A ribbon worm (D:4)
  6 orcs
  8 endoplasms
  5 giant cockroaches
  14 goblins
  5 hobgoblins
  11 jackals
  2 kobolds (D:1)
  4 quokkas
  4 ball pythons
  4 bats
  3 frilled lizards (D:1)
  4 rats
87 creatures vanquished.

Vanquished Creatures (others)
  A scorpion (D:5)
1 creature vanquished.

Grand Total: 88 creatures vanquished

Notes
Turn   | Place    | Note
-------+----------+-------------------------------------------
     0 | D:1      | jasper the Deep Elf Hexslinger began the quest for the Orb.
     0 | D:1      | Reached XP level 1. HP: 11/11 MP: 5/5
    40 | D:1      | Found a faded altar of an unknown god.
    44 | D:1      | Prayed at the altar of an unknown god.
    44 | D:1      | Became a worshipper of Ru the Awakened
    58 | D:1      | Gained mutation: You cannot voluntarily change form. [Ru
                  | sacrifice]
    66 | D:1      | Reached skill level 1 in Fighting
    66 | D:1      | Reached skill level 3 in Ranged Weapons
   140 | D:1      | Reached XP level 2. HP: 16/16 MP: 6/6
   275 | D:1      | Reached skill level 4 in Ranged Weapons
   604 | D:2      | Reached XP level 3. HP: 20/20 MP: 7/7
   609 | D:2      | Learned a level 3 spell: Sigil of Binding
   658 | D:2      | Reached skill level 5 in Ranged Weapons
  1347 | D:2      | Reached XP level 4. HP: 25/25 MP: 8/8
  1356 | D:2      | Learned a level 3 spell: Inner Flame
  1366 | D:2      | Noticed Robin
  1373 | D:2      | Killed Robin
  1374 | D:2      | Reached skill level 6 in Ranged Weapons
  1547 | D:3      | Found a broken altar of Ashenzari.
  1608 | D:3      | Found a runed translucent door.
  1608 | D:3      | Noticed Pokonic1's ghost (amateur OnBe)
  1666 | D:3      | Found a blossoming altar of Fedhas.
  1926 | D:3      | Gained mutation: You are somewhat inexperienced. (-1 XL)
                  | [Ru sacrifice]
  1926 | D:3      | Reached XP level 3. HP: 20/20 MP: 7/7
  1926 | D:3      | Reached * piety under Ru
  1926 | D:3      | Reached ** piety under Ru
  2222 | D:3      | Reached XP level 4. HP: 21/25 MP: 8/8
  2780 | D:4      | Found an opulent altar of Gozag.
  2817 | D:4      | Reached skill level 7 in Ranged Weapons
  3176 | D:5      | Entered Level 5 of the Dungeon
  3182 | D:5      | Noticed an ice beast
  3194 | D:5      | Killed an ice beast
  3195 | D:5      | Reached skill level 5 in Hexes
  3195 | D:5      | Reached XP level 5. HP: 30/30 MP: 6/9
  3265 | D:5      | Noticed a water moccasin
  3415 | D:5      | Killed a water moccasin
  3416 | D:5      | Reached skill level 8 in Ranged Weapons
  3491 | D:5      | Reached XP level 6. HP: 34/36 MP: 10/10
  3847 | D:5      | HP: 1/36 [gnoll/+0 flail[a gnoll bouda] (12)]
  3848 | D:5      | Slain by a gnoll

Illustrated notes

Levels and vault maps discovered:
D:1:      saegor_arrival_simple_d, layout_basic, shapermc_ecumenical_altar_venn,
          minmay_strange_pillars
D:2:      layout_basic, uniq_robin
D:3:      layout_basic, nicolae_ashenzari_skybound, mainiacjoe_overflow_paths,
          gammafunk_ghost_grave, chequers_avenue, wad_woods_river_04,
          grunt_ministairs_9, kennysheep_generic_room_5
D:4:      layout_basic, mainiacjoe_overflow_cross_hatched, serial_shops, shop,
          mrwooster_statue_mirror, lightli_minifort
D:5:      layout_basic, serial_library_hellmonk_small_alcove, item_on_display_a

Skill      XL: |  1  2  3  4  5 |
---------------+----------------+-----
Fighting       | 1 2 |  2.7
Ranged Weapons | 3 4 5 7 8 |  8.6
Hexes          | 5 |  5.8
Dodging        | |  2.4
Spellcasting   | |  1.5
Fire Magic     | |  1.1

Action                     |  1- 3 |  4- 6 || total
---------------------------+-------+-------++-------
   Fire: Sling             |   124 |   203 ||   327
   Cast: Sigil of Binding  |       |     9 ||     9
         Inner Flame       |       |     1 ||     1
 Invoke: Sacrifice Forms   |     1 |       ||     1
         Sacrifice Experie |     1 |       ||     1
    Use: Scroll            |     6 |     6 ||    12
         Potion            |       |     3 ||     3
 Armour: Robe              |    21 |    59 ||    80
  Dodge: Dodged            |    29 |    64 ||    93

Table legend: (Time is in decaauts)
 A = Elapsed time spent in this place.
 B = Non-inter-level travel time spent in this place.
 C = Inter-level travel time spent in this place.
 D = Time resting spent in this place.
 E = Time spent auto-exploring this place.
 F = Levels seen in this place.
 G = Mean time per level.
                   A        B        C        D        E       F      G
               +--------+--------+--------+--------+--------+-----+--------+
         Total |   3894 |   3835 |     59 |    253 |   2950 |   5 |  778.8 |
       Dungeon |   3894 |   3835 |     59 |    253 |   2950 |   5 |  778.8 |
               +--------+--------+--------+--------+--------+-----+--------+

Top non-repeatable levels by time:
     D:3: 1308 daAuts
     D:2: 901 daAuts
     D:5: 671 daAuts
     D:1: 613 daAuts
     D:4: 400 daAuts
